 Dungeon Crawl Stone Soup version 0.19-a0-1697-g0595f0e (webtiles) character file.

1746 kae the Slinger (level 9, -1/58 HPs)
             Began as a Halfling Hunter on Sept 26, 2016.
             Slain by a centaur (2 damage)
             ... on level 7 of the Dungeon.
             The game lasted 00:11:47 (6632 turns).

kae the Slinger (Halfling Hunter)                   Turns: 6632, Time: 00:11:47

Health: -1/58      AC:  6    Str: 13    XL:     9   Next: 26%
Magic:  9/9        EV: 17    Int:  9    God:
Gold:   187        SH:  0    Dex: 18    Spells: 0 memorised, 8 levels left

rFire  . . .     SeeInvis .     a - +2 hunting sling
rCold  . . .     Gourm    .     c - +1 leather armour
rNeg   . . .     Faith    .     (shield restricted)
rPois  .         Spirit   .     (no helmet)
rElec  .         Dismiss  .     (no cloak)
rCorr  .         Reflect  .     q - +0 pair of gloves
MR     .....     Harm     .     (no boots)
Stlth  ++........               (no amulet)
                                (no ring)
                                (no ring)

@: no status effects
A: mutation resistance 1
a: no special abilities


You were on level 7 of the Dungeon.
You were not hungry.

You visited 1 branch of the dungeon, and saw 7 of its levels.

You collected 319 gold pieces.
You spent 132 gold pieces at shops.

Inventory:

Hand Weapons
 a - a +2 hunting sling (weapon)
 b - a +1 dagger of venom
 e - a +0 short sword
Missiles
 d - 4 sling bullets (quivered)
 g - 272 stones
Armour
 c - a +1 leather armour (worn)
 q - a +0 pair of gloves (worn)
Rods
 s - a +0 rod of clouds (14/14)
   (You found it on level 4 of the Dungeon)
Jewellery
 i - a cursed ring of teleportation {unknown}
 o - a cursed -2 ring of evasion
Wands
 h - a wand of flame (23/48)
 v - a wand of iceblast (2/15)
 x - a wand of flame (15/48)
Scrolls
 n - a scroll of amnesia
 y - a scroll of teleportation
 A - a scroll of recharging {unknown}
Potions
 l - a potion of heal wounds {unknown}
 p - 2 potions of mutation
 r - a potion of cancellation {unknown}
Books
 k - a book of Spatial Translocations

   Spells                             Type                      Level
   a - Apportation                    Translocation                1
   b - Blink                          Translocation                2
   c - Shroud of Golubria             Charms/Translocation         2
   d - Portal Projectile              Translocation                3
   e - Teleport Other                 Translocation                3
   f - Passage of Golubria            Translocation                4
 t - a book of Ice

   Spells                             Type                      Level
   a - Ice Form                       Ice/Transmutation            4
   b - Metabolic Englaciation         Hexes/Ice                    5
   c - Ozocubu's Refrigeration        Ice                          6
   d - Bolt of Cold                   Conjuration/Ice              6
   e - Freezing Cloud                 Conjuration/Ice/Air          6
   f - Simulacrum                     Ice/Necromancy               6
 u - a book of Cantrips

   Spells                             Type                      Level
   a - Confusing Touch                Hexes                        1
   b - Animate Skeleton               Necromancy                   1
   c - Summon Small Mammal            Summoning                    1
   d - Apportation                    Translocation                1
 w - a book of Fire

   Spells                             Type                      Level
   a - Ignite Poison                  Fire/Transmutation/Poison    3
   b - Fireball                       Conjuration/Fire             5
   c - Bolt of Fire                   Conjuration/Fire             6
   d - Delayed Fireball               Conjuration/Fire             7
   e - Ring of Flames                 Charms/Fire                  7
Comestibles
 f - 3 bread rations
 m - a beef jerky
 z - a slice of pizza
 B - a meat ration
 C - 3 chunks of flesh


   Skills:
 + Level 3.7 Fighting
 + Level 13.6 Slings
 + Level 3.9 Armour
 + Level 4.6 Dodging
 - Level 1.1 Stealth


You had 8 spell levels left.
You didn't know any spells.

Dungeon Overview and Level Annotations

Branches:
Dungeon (7/15)
 Temple: D:4-7

Altars:
Dithmenos
Makhleb
Ru
Trog
Zin

Shops:
D:4 ([(=   D:7 }


Innate Abilities, Weirdness & Mutations

You are small and have problems with some larger weapons.
You are somewhat resistant to further mutation.


Message History

The centaur is severely wounded.
The centaur closely misses you. The centaur misses you.
You hit the centaur but do no damage.
The centaur is severely wounded.
The centaur hits you!
* * * LOW HITPOINT WARNING * * *
You hit the centaur.
The centaur is poisoned.
The centaur is severely wounded.
The centaur misses you. The centaur hits you.
* * * LOW HITPOINT WARNING * * *
Your +1 dagger of venom stops dripping with poison.
a - a +2 hunting sling (weapon)
You are too injured to fight recklessly!
Firing (i - inventory. (,) - cycle):
d - 5 sling bullets (quivered)
Press: ? - help, Shift-Dir - straight line, f - centaur
Aim: a centaur (severely wounded, poisoned)
You shoot a sling bullet.
The sling bullet barely misses the centaur.
The centaur hits you.
You die...

.. ............#.#..#.#.# ..#
..#..#.###.#.#..#.#.# #.#
#.#....# #.#.#......# #.#
#.#..# #.#.#..#.#.#
#####.###....# #.#.#......##
....#.#......# #.#.#......<##
##8.8.8....# #.#.#.........
#..⌠.⌠...>.#####(#...########
#.8.∩.8.##).@c((..(#.#
#..⌠.⌠..##.#####'#.#.##
##.8.8.8###)##.........#
#......## #.##.........#
####.#.# #.##.........# #.#.#
#.##....)....###### ....#
#.#####+#.(........ ##.###
#.# ###(###### ### #.# #.#


You could see a centaur.

Vanquished Creatures
  A water moccasin (D:7)
  An orc warrior (D:6)
  3 sky beasts
  A phantom (D:7)
  The ghost of beholder the Grasshopper, an amateur NaWr of Qazlal (D:3)
  A centaur (D:7)
  A bullfrog (D:6)
  3 scorpions
  A howler monkey (D:3)
  A centaur zombie (D:5)
  2 crimson imps
  A bullfrog zombie (D:5)
  5 orc priests
  An iguana (D:5)
  3 orc wizards
  2 centaur skeletons
  3 worker ants
  2 hound skeletons
  4 adders
  3 gnolls (D:5)
  3 shadow imps
  5 worms
  2 dart slugs
  18 orcs
  10 bats
  6 giant cockroaches
  9 goblins
  11 hobgoblins
  4 jackals (D:4)
  9 kobolds
  2 quokkas
  4 frilled lizards
  9 rats
132 creatures vanquished.

Notes
Turn   | Place    | Note
-------+----------+-------------------------------------------
     0 | D:1      | kae the Halfling Hunter began the quest for the Orb.
     0 | D:1      | Reached XP level 1. HP: 14/14 MP: 1/1
     9 | D:1      | Reached skill level 6 in Slings
    63 | D:1      | Reached XP level 2. HP: 14/19 MP: 2/2
   660 | D:1      | Reached skill level 7 in Slings
   660 | D:1      | Reached XP level 3. HP: 24/24 MP: 3/3
  1191 | D:2      | Reached XP level 4. HP: 16/29 MP: 4/4
  1841 | D:2      | Reached skill level 8 in Slings
  2048 | D:3      | Noticed beholder's ghost (amateur NaWr)
  2280 | D:3      | Found a bloodstained altar of Trog.
  2413 | D:3      | Reached skill level 9 in Slings
  2413 | D:3      | Reached XP level 5. HP: 29/34 MP: 5/5
  2536 | D:3      | Killed beholder's ghost
  2536 | D:3      | Reached XP level 6. HP: 39/39 MP: 6/6
  2570 | D:3      | Reached skill level 10 in Slings
  2997 | D:4      | Found Zusytoan's Weapon Shoppe.
  2999 | D:4      | Found Zesirpho's Jewellery Shoppe.
  3002 | D:4      | Found Ciywkun's Antique Weapon Shoppe.
  3003 | D:4      | Found Finirpho's Antique Armour Shoppe.
  3026 | D:4      | Bought a cursed -2 ring of evasion for 20 gold pieces
  3030 | D:4      | Bought a pair of gloves for 112 gold pieces
  3277 | D:4      | Found a burning altar of Makhleb.
  3498 | D:4      | Reached skill level 11 in Slings
  3498 | D:4      | Reached XP level 7. HP: 42/44 MP: 7/7
  3557 | D:5      | Entered Level 5 of the Dungeon
  3694 | D:5      | Found a shadowy altar of Dithmenos.
  3960 | D:5      | Reached skill level 12 in Slings
  4087 | D:5      | Reached XP level 8. HP: 49/49 MP: 8/8
  4319 | D:5      | Reached skill level 1 in Armour
  4735 | D:6      | Found a sacrificial altar of Ru.
  5089 | D:6      | Reached skill level 13 in Slings
  5618 | D:7      | Found a glowing silver altar of Zin.
  6130 | D:7      | Reached XP level 9. HP: 33/56 MP: 9/9
  6153 | D:7      | Found Louplawk's Gadget Boutique.
  6625 | D:7      | HP: 1/58 [centaur (4)]
  6630 | D:7      | HP: 1/58 [centaur (4)]
  6632 | D:7      | Slain by a centaur

Vault maps used:
D:1:      minmay_arrival_stone_box, corexii_corridor_pit
D:2:      minmay_diamond_boxcup
D:3:      trog_hazing_becter
D:4:      lightli_temple_of_fire, minmay_shop_grid_forest
D:5:      overflow_temple_1_default, first_bread
D:6:      basic_altar
D:7:      lemuel_doored_altar, serial_shops,
          nicolae_shop_temple_entry_statues_fountains, serial_corexii_hall,
          corexii_hall_statues_l, corexii_hall_statues_l

Skill      XL: |  1  2  3  4  5  6  7  8 |
---------------+-------------------------+-----
Slings         | 6 7 9 11 12 13 | 13.6
Fighting       | 3 |  3.7
Armour         | 3 |  3.9
Dodging        | 4 |  4.6
Stealth        | |  1.1

Action                   |  1- 3 |  4- 6 |  7- 9 || total
-------------------------+-------+-------+-------++-------
Melee: Dagger            |    69 |   114 |    53 ||   236
       Short sword       |     3 |       |       ||     3
       Hunting sling     |       |       |     3 ||     3
 Fire: Hunting sling     |     1 |    70 |   311 ||   382
  Use: Scroll            |       |    10 |     2 ||    12
       Potion            |       |       |     4 ||     4
 Stab: Sleeping          |     5 |     2 |       ||     7
  Eat: Chunk             |     1 |     4 |     6 ||    11
       Meat ration       |       |     1 |       ||     1
       Beef jerky        |       |       |     1 ||     1
Armor: Leather armour    |    10 |    33 |    39 ||    82
Dodge: Dodged            |    41 |   109 |    95 ||   245
